 Dungeon Crawl Stone Soup version 0.28-a0-563-gf77a47075d (webtiles) character file.

Game seed: 2553263774297458154

0 Gargoyl the Skirmisher (level 1, -4/23 HPs)
             Began as a Gnoll Abyssal Knight on Sept 30, 2021.
             Was a Follower of Lugonu.
             Killed from afar by a starcursed mass (12 damage)
             ... with an accursed screaming
             ... on level 1 of the Abyss.
             The game lasted 00:00:23 (249 turns).

Gargoyl the Skirmisher (Gnoll Abyssal Knight)        Turns: 249, Time: 00:00:24

Health: -4/23      AC:  3    Str: 12    XL:     1   Next: 0%
Magic:  3/3        EV: 12    Int:  9    God:    Lugonu [*.....]
Gold:   7          SH:  0    Dex: 12    Spells: 0/0 levels left

rFire   . . .      SeeInvis .   a - +1 hand axe
rCold   . . .      Faith    .   (no shield)
rNeg    . . .      Spirit   .   b - +0 leather armour
rPois   .          Reflect  .   (no helmet)
rElec   .          Harm     .   (no cloak)
rCorr   .          Rampage  .   (no gloves)
Will    .....                   (no boots)
Stlth   +.........              (no amulet)
HPRegen 0.07/turn               (no ring)
MPRegen 0.08/turn               (no ring)

@: no status effects
A: fangs 1, strong nose, distributed training
a: Renounce Religion, Depart the Abyss


You were on level 1 of the Abyss.
You worshipped Lugonu.
Lugonu was aware of your devotion.
You visited 0 branches of the dungeon, and saw 0 of its levels.
You visited the Abyss 1 time.

You collected 7 gold pieces.

Inventory:

Hand Weapons
 a - a +1 hand axe (weapon)
Armour
 b - a +0 leather armour (worn)


   Skills:
 + Level 6.4 Fighting
 + Level 0.0 Short Blades
 + Level 0.0 Long Blades
 + Level 4.4 Axes
 + Level 0.0 Maces & Flails
 + Level 0.0 Polearms
 + Level 0.0 Staves
 + Level 0.0 Slings
 + Level 0.0 Bows
 + Level 0.0 Crossbows
 + Level 0.0 Throwing
 + Level 4.4 Armour
 + Level 2.3 Dodging
 + Level 0.0 Stealth
 + Level 0.0 Shields
 + Level 0.0 Unarmed Combat
 + Level 0.0 Spellcasting
 + Level 0.0 Conjurations
 + Level 0.0 Hexes
 + Level 0.0 Summonings
 + Level 0.0 Necromancy
 + Level 0.0 Translocations
 + Level 0.0 Transmutations
 + Level 0.0 Fire Magic
 + Level 0.0 Ice Magic
 + Level 0.0 Air Magic
 + Level 0.0 Earth Magic
 + Level 0.0 Poison Magic
 + Level 4.4 Invocations
 + Level 0.0 Evocations


You couldn't memorise any spells.
You didn't know any spells.
Your spell library was empty.

Dungeon Overview and Level Annotations

Branches:
Dungeon (0/15)

Altars:


Innate Abilities, Weirdness & Mutations

You have very sharp teeth.
Your uncanny sense of smell can sniff out nearby items.
Your experience applies equally to all skills.


Message History

Welcome, Gargoyl the Gnoll Abyssal Knight.
It is said that the Orb of Zot exists deep within this dungeon.
Lugonu says: Depart the Abyss and spread corruption, my servant! (use the ability menu to exit the Abyss) Press ? for a list of commands and other information.
Found 7 gold pieces.
Found a corrupted altar of Lugonu.
Found a gateway leading out of the Abyss.
You now have 7 gold pieces.
Found 17 stones.
Found a gateway leading out of the Abyss.
c - a fizzy clear potion It was a potion of cancellation.
You feel magically purged.
A lurking horror comes into view.
Your body is wracked with pain!
A thrashing horror comes into view.
A thrashing horror is nearby!
The thrashing horror roars!
The thrashing horror closely misses you.
The thrashing horror tramples you!
You hold your ground!
The thrashing horror closely misses you.
The thrashing horror misses you.
The thrashing horror closely misses you.
The thrashing horror tramples you!
You hold your ground!
A starcursed mass comes into view.
A starcursed mass comes into view.
A starcursed mass splits.
A starcursed mass splits. x3
You hit the starcursed mass but do no damage.
You hit the starcursed mass.
The starcursed mass shudders and is absorbed by its neighbour.
A starcursed mass splits. x3
Unknown command.
A starcursed mass splits. x2
A cacophony of accursed wailing tears at your sanity!
Ouch! That really hurt!
You die...

# #.##.. ..
########.
#.#..#..##. #.#
... #..#.#..#....#
# #.... #......#.
#..# ##. .... #.
#.#..##....# . ...
. #. #...#.#..###
.. . .
#...#......#..##..
##
...#X##..#.#.####
. .#. .
##X#@#.#... ... .
. #XXXX.#.###.## #
##.
#.##XX.#.##.#.#.
.. ..XX#.... . # .
. #. #......###.#
# #.. # ..#.####
.#...# # # ...#..
. .# #.


You could see 8 starcursed masses.

Vanquished Creatures (others)
  A lurking horror (Abyss:1)
1 creature vanquished.

Notes
Turn   | Place    | Note
-------+----------+-------------------------------------------
     0 | Abyss:1  | Gargoyl the Gnoll Abyssal Knight began the quest for the
                  | Orb.
     0 | Abyss:1  | Reached XP level 1. HP: 23/23 MP: 3/3
   183 | Abyss:1  | Noticed a thrashing horror
   244 | Abyss:1  | Noticed a starcursed mass
   246 | Abyss:1  | Noticed a starcursed mass
   249 | Abyss:1  | Killed from afar by a starcursed mass

Illustrated notes

Levels and vault maps discovered:
Abyss:1:  base: Temple, minivault_20, base:
Temple

Action                   || total
-------------------------++-------
Melee: Hand axe          ||     1
  Use: Potion            ||     1
Dodge: Dodged            ||     4

Table legend: (Time is in decaauts)
 A = Elapsed time spent in this place.
 B = Non-inter-level travel time spent in this place.
 C = Inter-level travel time spent in this place.
 D = Time resting spent in this place.
 E = Time spent auto-exploring this place.
 F = Levels seen in this place.
 G = Mean time per level.
                   A        B        C        D        E       F      G
               +--------+--------+--------+--------+--------+-----+--------+
         Total |    249 |    249 |      0 |      0 |    196 |   1 |  249.0 |
         Abyss |    249 |    249 |      0 |      0 |    196 |   1 |  249.0 |
               +--------+--------+--------+--------+--------+-----+--------+

Top non-repeatable levels by time:
 Abyss:1: 249 daAuts
